 Dungeon Crawl Stone Soup version 0.31.0-11-ge490571c62 (webtiles) character file.

Game seed: 16242204720376641561

3 Sobieck the Conjurer (level 1, 0/10 HPs)
             Began as a Deep Elf Conjurer on Jan 31, 2024.
             Slain by a jackal (2 damage)
             ... on level 1 of the Dungeon.
             The game lasted 00:01:01 (93 turns).

Sobieck the Conjurer (Deep Elf Conjurer)              Turns: 93, Time: 00:01:01

Health: 0/10       AC:  2    Str:  4    XL:     1   Next: 41%
Magic:  1/6        EV: 12    Int: 22    God:
Gold:   0          SH:  0    Dex: 13    Spells: 5/6 levels left

rFire   . . .        (no weapon)
rCold   . . .        (no shield)
rNeg    . . .        a - +0 robe
rPois   .            (no helmet)
rElec   .            (no cloak)
rCorr   .            (no gloves)
SInv    .            (no boots)
Will    .....        (no amulet)
Stlth   ++           (no ring)
HPRegen 0.21/turn    (no ring)
MPRegen 0.10/turn

%: no passive effects
@: no status effects
A: no striking features
a: no special abilities


You were on level 1 of the Dungeon.
You visited 1 branch of the dungeon, and saw 1 of its levels.

Inventory:

Armour
 a - a +0 robe (worn)
 c - a +0 pair of boots
Magical Staves
 d - a staff of air
Jewellery
 e - a ring of ice
Potions
 b - a potion of magic


   Skills:
 - Level 2.4 Dodging
 - Level 2.4 Stealth
 + Level 3.1 Spellcasting
 + Level 4.4 Conjurations
 + Level 0.4 Alchemy


You had 5 spell levels left.
You knew the following spells:

 Your Spells              Type           Power      Damage    Failure   Level
a - Magic Dart            Conj           92%        1d7       1%          1

Your spell library contained the following spells:

 Spells                   Type           Power      Damage    Failure   Level
 Searing Ray              Conj           46%        2d6       3%          2
 Fulminant Prism          Conj/Alch      7%         3d6       41%         4
 Iskenderun's Mystic Bla  Conj/Tloc      13%        2d5       43%         4


Dungeon Overview and Level Annotations

Branches:
Dungeon (1/15)

Altars:


Message History

The jackal barely misses you.
You see here a scroll labelled PIACUY GYOZEIF.
The goblin shouts!
You hear a shout!
You see here a ring of ice.
e - a ring of ice The jackal completely misses you.
A kobold comes into view. It is wielding a +0 short sword.
The jackal misses you. The goblin attacks as it pursues you!
The goblin closely misses you. The goblin attacks as it pursues you!
The goblin hits you with a +0 dagger.
* * * LOW HITPOINT WARNING * * *
The goblin attacks as it pursues you! The goblin hits you with a +0 dagger.
* * * LOW HITPOINT WARNING * * *
Casting: Magic Dart (safe; 1% risk of failure)
Confirm with . or Enter, or press ? or * to list all spells.
Aiming: Magic Dart (safe; 1% risk of failure)
Press: ? - help, Shift-Dir - straight line, f/p - hobgoblin
Aim: a hobgoblin (heavily wounded, 100% to hit)
The magic dart hits the goblin.
The goblin is severely wounded.
The goblin hits you but does no damage.
Unknown command.
The goblin attacks as it pursues you! The goblin hits you with a +0 dagger.
* * * LOW HITPOINT WARNING * * *
The goblin attacks as it pursues you! The goblin closely misses you.
Casting: Magic Dart (safe; 1% risk of failure)
Confirm with . or Enter, or press ? or * to list all spells.
Aiming: Magic Dart (safe; 1% risk of failure)
Press: ? - help, Shift-Dir - straight line, f - goblin
Aim: a goblin, wielding a +0 dagger (severely wounded, 100% to hit)
The magic dart hits the goblin.
You kill the goblin!
Unknown command.
The jackal attacks as it pursues you!
The jackal bites you but does no damage.
The jackal barely misses you. The hobgoblin barely misses you.
The jackal attacks as it pursues you! The jackal closely misses you.
The kobold closely misses you. The jackal barely misses you.
The kobold hits you with a +0 short sword.
* * * LOW HITPOINT WARNING * * *
The hobgoblin hits you.
* * * LOW HITPOINT WARNING * * *
The jackal attacks as it pursues you! The jackal barely misses you.
The hobgoblin barely misses you. The jackal attacks as it pursues you!
The jackal bites you.
* * * LOW HITPOINT WARNING * * *
The jackal bites you.
You die...

#.............
#.......#....
#.......K....
#.......# #.#K##.## .
#.#.##?# .. #.#.##.#
.. #.#.##.###.#
#@#.##.....#
###hg.....####
#..K..##)##
####.....##.#
##.........#.########
##....................
#...........#....####
###.................##
........#####........#


You could see a jackal, a hobgoblin and a kobold.

Vanquished Creatures
  A goblin (D:1)
  A jackal (D:1)
  A frilled lizard (D:1)
3 creatures vanquished.

Notes
Turn   | Place    | Note
-------+----------+-------------------------------------------
     0 | D:1      | Sobieck the Deep Elf Conjurer began the quest for the Orb.
     0 | D:1      | Reached XP level 1. HP: 10/10 MP: 6/6
    93 | D:1      | Slain by a jackal

Illustrated notes

Levels and vault maps discovered:
D:1:      lemuel_arrival_river_ford, layout_rooms,
          ebering_ecumenical_altar_petrified, serial_shops,
          nicolae_shop_tiny_glass, minmay_close_crescents

Action                     || total
---------------------------++-------
   Cast: Magic Dart        ||    10
 Armour: Robe              ||    13
  Dodge: Dodged            ||    15
